AoeStats
← Robyht

Arena

510320725Analyzed
2v2 RM · 17h ago on Sep 30, 2026· 48m 47s· 4 players
Game mode
Random Map
Map size
Medium (4 player)
Population
200
Speed
Normal
Resources
Standard
Victory
Conquest
Starting age
Dark Age
Ending age
Imperial Age
RankedLock teamsTeams togetherTeam positionsShared explorationLock speedFull tech treeHidden civsTurbo modeCheats
Victory
Defeat
🇧🇷 Turks · Brazil
942
+16
🇧🇷 Bohemians · Brazil
917
+17
🇮🇹 Bohemians · Italy
950
-17
🇮🇹 Romans · Italy
949
-16
ViniCassi
13:12 Feudal Age
11:27 Loom
17:59 Castle Age
16:20 Double-Bit Axe
16:26 Gold Mining
22:41 Imperial Age
22:46 Padded Archer Armor
24:32 Crossbowman
26:05 Leather Archer Armor
27:51 Ring Archer Armor
28:26 Caravan
38:48 Forging
38:44 Scale Barding Armor
Joe Camel
12:22 Feudal Age
13:24 Double-Bit Axe
16:38 Castle Age
17:31 Double-Bit Axe
19:29 Caravan
23:11 Imperial Age
21:05 Loom
22:23 Wheelbarrow
22:27 Fervor
25:12 Chemistry
24:54 Bow Saw
27:18 Town Watch
27:52 Hand Cart
28:18 Sanctity
32:00 Wagenburg Tactics
34:17 Elite Hussite Wagon
35:10 Town Watch
36:30 Town Patrol
37:45 Houfnice
Robyht
0:33 Loom
10:28 Feudal Age
11:37 Town Watch
12:05 Horse Collar
16:41 Castle Age
16:17 Double-Bit Axe
23:17 Man-at-Arms
24:57 Heavy Plow
26:04 Scale Mail Armor
26:38 Long Swordsman
27:37 Gold Mining
28:13 Scale Barding Armor
34:04 Imperial Age
32:38 Chain Mail Armor
32:33 Forging
34:31 Heavy Scorpion
36:05 Conscription
37:17 Legionary
43:24 Capped Ram
DaffySpace6253
8:50 Loom
10:56 Feudal Age
16:23 Castle Age
14:39 Double-Bit Axe
18:58 Bow Saw
20:38 Horse Collar
22:28 Heavy Plow
26:53 Chemistry
26:49 Ballistics
40:36 Imperial Age
38:39 Town Watch
39:30 Wheelbarrow
38:32 Elite Skirmisher
Connection lost

Rejoining the realm…

Still unreachable

The connection could not be restored.

Session expired

The server has moved on; the page needs a fresh start.